 Dungeon Crawl Stone Soup version 0.26.0-91-g99b343417d (webtiles) character file.

Game seed: 14064874584479149709

78 leafyfresh the Magician (level 4, 0/32 HPs)
             Began as a Gnoll Hedge Wizard on Feb 4, 2021.
             Slain by Natasha (9 damage)
             ... on level 2 of the Dungeon.
             The game lasted 00:06:22 (3110 turns).

leafyfresh the Magician (Gnoll Hedge Wizard)        Turns: 3110, Time: 00:06:22

Health: 0/32       AC:  3    Str: 18    XL:     4   Next: 36%
Magic:  5/13       EV: 14    Int: 18    God:
Gold:   175        SH:  0    Dex: 14    Spells: 8/17 levels left

rFire    . . .     SeeInvis .   a - +0 dagger
rCold    . . .     Faith    .   (no shield)
rNeg     . . .     Spirit   .   n - +0 leather armour
rPois    .         Reflect  .   c - +0 hat
rElec    .         Harm     .   (no cloak)
rCorr    .         Rampage  .   (no gloves)
Will     .....                  (no boots)
Stlth    ++........             (no amulet)
HPRegen  0.10/turn              i - +6 ring of strength
MPRegen  0.13/turn              p - ring of wizardry

@: slowed, very slow
A: distributed training, fangs 1, strong nose
a: no special abilities


You were on level 2 of the Dungeon.
You visited 1 branch of the dungeon, and saw 2 of its levels.

You collected 175 gold pieces.

Inventory:

Hand Weapons
 a - a +0 dagger (weapon)
Armour
 b - a +0 robe
 c - a +0 hat (worn)
 d - a +1 scale mail of poison resistance
 n - a +0 leather armour (worn)
Jewellery
 i - a +6 ring of strength (left hand)
 o - an uncursed ring of flight
 p - a ring of wizardry (right hand)
Scrolls
 e - a scroll of remove curse
 g - 2 scrolls of amnesia
 j - a scroll of teleportation
 k - a scroll of random uselessness {unknown}
 m - a scroll of magic mapping {unknown}
 q - a scroll of fear {unknown}
 s - a scroll of identify
Potions
 f - 2 potions of lignification {unknown}
 h - a potion of degeneration {unknown}
 l - a potion of curing {unknown}
 r - a potion of magic {unknown}
 t - a potion of haste {unknown}


   Skills:
 + Level 1.1 Fighting
 + Level 1.1 Short Blades
 + Level 1.1 Long Blades
 + Level 1.1 Axes
 + Level 1.1 Maces & Flails
 + Level 1.1 Polearms
 + Level 1.1 Staves
 + Level 1.1 Slings
 + Level 1.1 Bows
 + Level 1.1 Crossbows
 + Level 1.1 Throwing
 + Level 1.1 Armour
 + Level 4.6 Dodging
 + Level 4.2 Stealth
 + Level 1.1 Shields
 + Level 1.1 Unarmed Combat
 + Level 7.2 Spellcasting
 + Level 2.2 Conjurations
 + Level 0.8 Hexes
 + Level 2.2 Summonings
 + Level 0.8 Necromancy
 + Level 2.2 Translocations
 + Level 0.8 Transmutations
 + Level 0.8 Fire Magic
 + Level 0.8 Ice Magic
 + Level 0.8 Air Magic
 + Level 0.8 Earth Magic
 + Level 0.8 Poison Magic
 + Level 1.2 Invocations
 + Level 1.1 Evocations


You had 8 spell levels left.
You knew the following spells:

 Your Spells              Type           Power        Failure   Level
a - Magic Dart            Conj           56%          1%          1
b - Mephitic Cloud        Conj/Pois/Air  11%          9%          3
c - Blink                 Tloc           N/A          3%          2
d - Conjure Flame         Conj/Fire      12%          9%          3

Your spell library contained the following spells:

 Spells                   Type           Power        Failure   Level
 Call Imp                 Summ           14%          3%          2
 Slow                     Hex            9%           5%          2


Dungeon Overview and Level Annotations

Branches:
Dungeon (2/15)

Altars:

Annotations:
D:2 Natasha


Innate Abilities, Weirdness & Mutations

Your experience applies equally to all skills.
You have very sharp teeth.
Your uncanny sense of smell can sniff out nearby items.


Message History

Casting: Magic Dart (safe; 1% risk of failure)
Confirm with . or Enter, or press ? or * to list all spells.
Aiming: Magic Dart (safe; 1% risk of failure)
Press: ? - help, Shift-Dir - straight line, f/p - Natasha
Aim: Natasha (almost dead, 0% to evade)
The magic dart hits Natasha.
Natasha is almost dead.
Natasha barely misses you.
Casting: Magic Dart (safe; 1% risk of failure)
Confirm with . or Enter, or press ? or * to list all spells.
Aiming: Magic Dart (safe; 1% risk of failure)
Press: ? - help, Shift-Dir - straight line, f/p - Natasha
Aim: Natasha (almost dead, 0% to evade)
The magic dart hits Natasha but does no damage.
Natasha is almost dead.
Natasha stares at you and mumbles some strange words.
The magic dart hits you.
* * * LOW HITPOINT WARNING * * *
Natasha claws you!
You die...

....# #.# ##.######### #.#
##.###.....# #.#
...........#######.#
##..#......#.......#
##..#......#.#####.# ....#......#
#....# ###.#..##.##.##.##.#
....#..##.##....@h.#
###.......#####.#### #.#.##.####
#.# .##.##(#.## #.#
..#..(..#.#####.# #########
..........<....(# #.......#
..#.##.##.##############.##.##.##
.##.##.##.# #....##.#.......
#.#.##....# #.##.......##.##


You could see Natasha.

Vanquished Creatures
  3 adders
  An ooze (D:2)
  3 worms (D:2)
  2 dart slugs
  3 giant cockroaches
  A goblin (D:2)
  4 hobgoblins
  5 jackals (D:2)
  A quokka (D:2)
  3 bats
  4 frilled lizards
  5 kobolds
  A rat (D:1)
36 creatures vanquished.

Notes
Turn   | Place    | Note
-------+----------+-------------------------------------------
     0 | D:1      | leafyfresh the Gnoll Hedge Wizard began the quest for the
                  | Orb.
     0 | D:1      | Reached XP level 1. HP: 13/13 MP: 8/8
   326 | D:1      | Reached XP level 2. HP: 19/19 MP: 10/10
  1289 | D:2      | Reached XP level 3. HP: 25/25 MP: 11/11
  1293 | D:2      | Learned a level 3 spell: Mephitic Cloud
  1296 | D:2      | Learned a level 2 spell: Blink
  1300 | D:2      | Learned a level 3 spell: Conjure Flame
  1818 | D:2      | Reached skill level 1 in Invocations
  2425 | D:2      | Reached skill level 1 in Fighting
  2425 | D:2      | Reached skill level 1 in Short Blades
  2425 | D:2      | Reached skill level 1 in Long Blades
  2425 | D:2      | Reached skill level 1 in Axes
  2425 | D:2      | Reached skill level 1 in Maces & Flails
  2425 | D:2      | Reached skill level 1 in Polearms
  2425 | D:2      | Reached skill level 1 in Staves
  2425 | D:2      | Reached skill level 1 in Slings
  2425 | D:2      | Reached skill level 1 in Bows
  2425 | D:2      | Reached skill level 1 in Crossbows
  2425 | D:2      | Reached skill level 1 in Throwing
  2425 | D:2      | Reached skill level 1 in Armour
  2425 | D:2      | Reached skill level 1 in Shields
  2425 | D:2      | Reached skill level 1 in Unarmed Combat
  2425 | D:2      | Reached skill level 1 in Evocations
  2554 | D:2      | Reached XP level 4. HP: 32/32 MP: 13/13
  3092 | D:2      | Noticed Natasha
  3110 | D:2      | Slain by Natasha

Illustrated notes

Levels and vault maps discovered:
D:1:      dpeg_arrival_pits, layout_rooms, hangedman_decor_points,
          nrook_campfire, minmay_misc_feat_iff, columned_hall_lemuel
D:2:      layout_loops_cross, minmay_nonomino_d4, uniq_natasha

Skill      XL: |  1  2  3 |
---------------+----------+-----
Conjurations   | 2 |  2.2
Summonings     | 2 |  2.2
Translocations | 2 |  2.2
Invocations    | 1 |  1.2
Fighting       | 1 |  1.1
Short Blades   | 1 |  1.1
Long Blades    | 1 |  1.1
Axes           | 1 |  1.1
Maces & Flails | 1 |  1.1
Polearms       | 1 |  1.1
Staves         | 1 |  1.1
Slings         | 1 |  1.1
Bows           | 1 |  1.1
Crossbows      | 1 |  1.1
Throwing       | 1 |  1.1
Armour         | 1 |  1.1
Shields        | 1 |  1.1
Unarmed Combat | 1 |  1.1
Evocations     | 1 |  1.1
Dodging        | |  4.6
Stealth        | |  4.2
Spellcasting   | |  7.2
Hexes          | |  0.8
Necromancy     | |  0.8
Transmutations | |  0.8
Fire Magic     | |  0.8
Ice Magic      | |  0.8
Air Magic      | |  0.8
Earth Magic    | |  0.8
Poison Magic   | |  0.8

Action                   |  1- 3 |  4- 6 || total
-------------------------+-------+-------++-------
Melee: Dagger            |   107 |    29 ||   136
       Bite              |    12 |     5 ||    17
       Punch             |     1 |       ||     1
 Cast: Magic Dart        |    37 |     4 ||    41
       Blink             |     4 |     1 ||     5
       Mephitic Cloud    |     1 |     1 ||     2
  Use: Scroll            |     4 |       ||     4
 Stab: Sleeping          |     9 |     2 ||    11
Armor: Robe              |     3 |       ||     3
       Leather armour    |    11 |     7 ||    18
Dodge: Dodged            |    81 |    18 ||    99
